AoeStats
← w32.disttrack

Black Forest

509452021Analyzed
4v4 RM · 5d ago on Sep 26, 2026· 54m 54s· 8 players
Game mode
Random Map
Map size
Large (8 player)
Population
200
Speed
Normal
Resources
Standard
Victory
Conquest
Starting age
Dark Age
Ending age
Imperial Age
RankedLock teamsTeams togetherTeam positionsShared explorationLock speedFull tech treeHidden civsTurbo modeCheats
Victory
Defeat
🇦🇷 Varangians · Argentina
1068
+11
🇦🇷 Danes · Argentina
957
+16
🇦🇷 Britons · Argentina
951
+16
🇲🇽 Wu · Mexico
915
+16
🇩🇪 Dravidians · Germany
962
-15
🇨🇴 Bohemians · Colombia
954
-15
🇬🇧 Danes · United Kingdom
947
-15
🇬🇧 Vietnamese · United Kingdom
938
-14
PibblesMcGhee
0:27 Loom
12:39 Feudal Age
16:26 Castle Age
14:43 Double-Bit Axe
16:06 Stone Mining
21:48 Scale Mail Armor
23:26 Forging
24:23 Chain Mail Armor
24:27 Gold Mining
26:32 Horse Collar
28:46 Iron Casting
28:11 Arson
31:41 Wheelbarrow
31:30 Bow Saw
31:23 Heavy Plow
32:14 Stone Shaft Mining
32:02 Pikeman
32:43 Squires
38:11 Imperial Age
35:41 Fletching
36:58 Gold Shaft Mining
37:01 Bodkin Arrow
38:18 Halberdier
39:34 Plate Mail Armor
40:05 Blast Furnace
45:29 Conscription
44:32 Hamask
47:57 Hand Cart
48:52 Onager
50:14 Bracer
53:14 Hoardings
53:21 Onager
BenYair9460
3:51 Loom
10:38 Feudal Age
11:19 Double-Bit Axe
13:47 Horse Collar
14:01 Fletching
14:12 Padded Archer Armor
21:24 Castle Age
20:20 Gold Mining
22:33 Bow Saw
22:25 Heavy Plow
22:35 Bodkin Arrow
22:55 Leather Archer Armor
22:23 Crossbowman
27:26 Elite Skirmisher
33:37 Imperial Age
31:06 Stone Mining
32:36 Stone Shaft Mining
32:18 Thumb Ring
35:21 Chemistry
33:46 Imperial Skirmisher
35:00 Crop Rotation
35:35 Two-Man Saw
35:28 Wheelbarrow
35:32 Bracer
36:02 Ring Archer Armor
36:43 Hand Cart
37:02 Ballistics
39:26 Paper Money
40:20 Ring Archer Armor
47:49 Caravan
48:24 Coinage
48:05 Guilds
Maxirod
5:12 Loom
11:09 Feudal Age
12:53 Wheelbarrow
14:01 Double-Bit Axe
16:50 Castle Age
14:48 Horse Collar
22:30 Fervor
22:41 Sanctity
26:04 Bow Saw
29:52 Heavy Plow
31:02 Hand Cart
30:33 Town Watch
32:44 Town Patrol
32:54 Town Patrol
35:38 Imperial Age
35:13 Chemistry
34:35 Ballistics
34:39 Wagenburg Tactics
37:28 Conscription
39:14 Two-Man Saw
38:55 Hussite Reforms
39:44 Siege Engineers
39:51 Fortified Wall
39:37 Murder Holes
39:53 Masonry
40:22 Redemption
40:13 Atonement
40:29 Block Printing
40:39 Illumination
40:15 Devotion
40:36 Heresy
40:37 Sanctity
40:53 Theocracy
40:13 Herbal Medicine
40:48 Houfnice
47:17 Elite Hussite Wagon
49:42 Faith
49:59 Caravan
50:29 Coinage
50:09 Guilds
53:10 Elite Skirmisher
53:54 Fletching
54:04 Padded Archer Armor
54:17 Forging
54:07 Scale Mail Armor
54:14 Scale Barding Armor
w32.disttrack
0:29 Loom
12:35 Feudal Age
17:43 Castle Age
17:15 Horse Collar
17:22 Double-Bit Axe
17:31 Stone Mining
17:34 Gold Mining
20:47 Wheelbarrow
20:35 Bow Saw
22:49 Heavy Plow
23:14 Town Watch
32:01 Imperial Age
30:42 Fletching
30:53 Padded Archer Armor
31:49 Bodkin Arrow
32:56 Leather Archer Armor
34:18 Chemistry
34:37 Two-Man Saw
33:42 Bracer
34:01 Thumb Ring
34:45 Ring Archer Armor
37:15 Hand Cart
36:29 Elite Elephant Archer
37:37 Elite Skirmisher
41:08 Siege Elephant
41:38 Onager
42:58 Husbandry
47:01 Ballistics
50:28 Medical Corps
53:40 Scale Barding Armor
53:46 Forging
D4nielSDH
0:27 Loom
13:37 Feudal Age
15:42 Horse Collar
20:33 Castle Age
18:55 Fletching
19:24 Padded Archer Armor
22:24 Bodkin Arrow
26:03 Double-Bit Axe
26:31 Heavy Plow
28:01 Wheelbarrow
28:09 Bow Saw
29:24 Leather Archer Armor
30:16 Hand Cart
30:30 Stone Mining
30:33 Gold Mining
31:41 Treadmill Crane
32:02 Murder Holes
32:30 Masonry
32:43 Forging
32:34 Scale Mail Armor
32:45 Red Cliffs Tactics
33:48 Ballistics
33:02 Pikeman
33:45 Squires
33:33 Arson
36:53 Imperial Age
37:36 Bracer
37:04 Elite Fire Archer
38:11 Conscription
37:46 Halberdier
39:12 Iron Casting
38:53 Chain Mail Armor
39:57 Sitting Tiger
41:52 Plate Mail Armor
42:32 Blast Furnace
41:01 Elite Skirmisher
44:55 Two-Man Saw
46:59 Chemistry
46:31 Architecture
Janzen
11:21 Feudal Age
13:58 Double-Bit Axe
14:24 Loom
16:55 Castle Age
21:44 Gold Mining
21:45 Stone Mining
21:48 Horse Collar
22:01 Loom
22:52 Wheelbarrow
22:32 Bow Saw
27:03 Heavy Plow
32:20 Imperial Age
30:38 Gold Shaft Mining
30:28 Hand Cart
30:50 Caravan
31:01 Town Watch
33:17 Ballistics
33:37 Stone Shaft Mining
32:42 Onager
33:01 Northmen's Fury
33:51 Siege Engineers
33:55 Fletching
34:09 Padded Archer Armor
34:18 Siege Onager
36:43 Chemistry
38:05 Coinage
37:50 Arson
38:28 Conscription
45:10 Banking
45:48 Scale Mail Armor
45:59 Forging
45:53 Squires
45:38 Gambesons
45:14 Elite Varangian Guard
52:43 Chain Mail Armor
53:04 Iron Casting
54:38 Plate Mail Armor
El Pollo
9:10 Loom
11:22 Feudal Age
12:06 Double-Bit Axe
13:23 Horse Collar
19:19 Castle Age
18:59 Fletching
19:56 Padded Archer Armor
20:28 Elite Skirmisher
27:16 Bodkin Arrow
30:06 Heavy Plow
31:59 Wheelbarrow
32:10 Masonry
32:48 Ballistics
35:21 Yeomen
34:55 Crossbowman
39:34 Gold Mining
39:35 Stone Mining
42:25 Imperial Age
39:45 Town Watch
41:32 Leather Archer Armor
42:30 Elite Longbowman
45:19 Chemistry
44:21 Bracer
44:51 Ring Archer Armor
45:19 Warwolf
47:38 Light Cavalry
48:18 Husbandry
50:17 Forging
50:13 Scale Barding Armor
50:38 Ring Archer Armor
50:26 Caravan
Lutar
8:50 Loom
11:17 Feudal Age
14:27 Wheelbarrow
13:58 Double-Bit Axe
13:56 Horse Collar
18:01 Castle Age
16:22 Stone Mining
16:23 Gold Mining
18:08 Gold Mining
19:02 Bow Saw
21:18 Scale Barding Armor
24:34 Padded Archer Armor
25:37 Heavy Plow
25:55 Leather Archer Armor
28:00 Fletching
29:14 Hand Cart
34:23 Imperial Age
35:13 Stone Shaft Mining
35:11 Bloodlines
35:02 Husbandry
35:36 Conscription
36:02 Ring Archer Armor
36:05 Vendel Legacy
36:49 Elite Jarl
40:52 Forging
41:03 Chain Barding Armor
40:06 Cavalier
43:36 Iron Casting
43:36 Plate Barding Armor
46:48 Caravan
51:18 Blast Furnace
Connection lost

Rejoining the realm…

Still unreachable

The connection could not be restored.

Session expired

The server has moved on; the page needs a fresh start.